 Dungeon Crawl Stone Soup version 0.25-a0-109-ge9c0e85935 (webtiles) character file.

Game seed: 4309359326867977707, levelgen mode: deterministic

123 vurker the Skirmisher (level 5, 0/42 HPs)
             Began as a Formicid Abyssal Knight on Nov 18, 2019.
             Was a Believer of Lugonu.
             Killed by divine providence
             ... invoked by an orc priest
              (12 damage)
             ... on level 3 of the Dungeon.
             The game lasted 00:03:14 (3180 turns).

vurker the Skirmisher (Formicid Abyssal Knight)     Turns: 3180, Time: 00:03:15

Health: 0/42       AC:  3    Str: 17    XL:     5   Next: 28%
Magic:  7/7        EV: 11    Int: 12    God:    Lugonu [**....]
Gold:   151        SH:  0    Dex: 10    Spells: 4/4 levels left

rFire    . . .     SeeInvis +   a - +1 hand axe
rCold    . . .     Gourm    .   (no shield)
rNeg     . . .     Faith    .   b - +0 leather armour
rPois    .         Spirit   .   (helmet unavailable)
rElec    .         Reflect  .   (no cloak)
rCorr    .         Harm     .   (no gloves)
MR       .....                  (no boots)
Stlth    +.........             (no amulet)
HPRegen  0.14/turn              (no ring)
MPRegen  0.10/turn              (no ring)

@: no status effects
A: permanent stasis, dig shafts and tunnels, four strong arms, antennae 3
a: Dig, Shaft Self, Depart the Abyss, Bend Space, Renounce Religion


You were on level 3 of the Dungeon.
You worshipped Lugonu.
Lugonu was pleased with you.
You were not hungry.

You visited 1 branch of the dungeon, and saw 3 of its levels.
You visited the Abyss 1 time.

You collected 151 gold pieces.

Inventory:

Hand Weapons
 a - a +1 hand axe (weapon)
Armour
 b - a +0 leather armour (worn)
 m - a cursed +0 pair of boots
   (You found it on level 2 of the Dungeon)
Jewellery
 k - a cursed amulet of inaccuracy {unknown}
   (You found it on level 1 of the Dungeon)
 p - an uncursed ring of protection from cold {unknown}
   (You found it on level 2 of the Dungeon)
 x - an uncursed ring of wizardry {unknown}
   (You found it on level 3 of the Dungeon)
Scrolls
 d - 6 scrolls of identify {unknown}
 f - a scroll of magic mapping {unknown}
 j - 4 scrolls of teleportation {unknown}
 r - a scroll of enchant weapon {unknown}
 s - a scroll of blinking {unknown}
 u - a scroll of fear {unknown}
 v - 2 scrolls of enchant armour {unknown}
Potions
 c - 2 potions of curing {unknown}
 g - a potion of lignification {unknown}
 h - 3 potions of might {unknown}
 i - a potion of ambrosia {unknown}
 l - 2 potions of haste {unknown}
 n - a potion of resistance {unknown}
 o - a potion of mutation {unknown}
 q - 2 potions of magic {unknown}
 t - a potion of flight {unknown}
 w - a potion of heal wounds {unknown}
Comestibles
 e - 5 rations


   Skills:
 + Level 4.1 Fighting
 * Level 3.8 Axes
 - Level 2.1 Armour
 - Level 0.8 Dodging
 + Level 3.5 Invocations


You had 4 spell levels left.
You didn't know any spells.
Your spell library contained the following spells:

 Spells                   Type           Power        Failure   Level  Hunger
 Animate Skeleton         Necr           N/A          36%         1    ##.....
 Apportation              Tloc           #.....       36%         1    ##.....
 Confusing Touch          Hex            #.....       36%         1    ##.....
 Summon Small Mammal      Summ           #...         36%         1    ##.....


Dungeon Overview and Level Annotations

Branches:
Dungeon (3/15)

Altars:


Innate Abilities, Weirdness & Mutations

You cannot be hasted, slowed, berserked, paralysed or teleported.
You can dig through walls and to a lower floor.
Your four strong arms can wield two-handed weapons with a shield.
You have a pair of large antennae on your head. (SInv)


Message History

The orc shouts!
You hear a shout!
An orc priest comes into view. It is wielding a +0 hand axe.
Found a plate armour.
You slash the orc!
You kill the orc!
Lugonu accepts your kill.
An orc priest comes into view.
The orc priest shouts!
You see here a +0 hand axe.
You hit the orc but do no damage.
The orc priest looks satisfied for a moment.
The orc hits you but does no damage.
An orc comes into view.
You hit the orc. The orc hits you with a +0 dagger.
You hit the orc.
You kill the orc!
Lugonu accepts your kill.
The orc priest shouts!
Items here: )) [ † a +0 dagger; a +0 ring mail; a +0 hand axe; an orc corpse You closely miss the orc priest.
The orc priest hits you but does no damage.
You hit the orc priest but do no damage.
The orc priest barely misses you.
You closely miss the orc priest. The orc priest barely misses you.
You barely miss the orc priest. You hit the orc priest.
The orc priest hits you but does no damage.
The orc priest closely misses you.
You hit the orc priest.
You hit the orc priest but do no damage.
The orc priest closely misses you. x2
You hit the orc priest but do no damage.
You barely miss the orc.
Your leather armour prevents you from hitting the orc priest.
The orc priest invokes the aid of Beogh against you.
Beogh smites you! The orc hits you but does no damage.
The orc priest hits you with a +0 hand axe.
You hit the orc priest but do no damage.
You barely miss the orc priest. You hit the orc.
The orc priest miscasts a cantrip.
The orc hits you. The orc priest closely misses you.
The orc priest invokes the aid of Beogh against you.
Pain shoots through your body!
* * * LOW HITPOINT WARNING * * *
You hit the orc priest. You hit the orc but do no damage.
You hit the orc priest. The orc hits you.
* * * LOW HITPOINT WARNING * * *
The orc priest invokes the aid of Beogh against you.
Beogh smites you!
You die...

####... #.#
#... #.# # #...
#.## . #..# . #
##.# .. #.# ...
#.# o... #.#
...o.
##@##.[....
#ooo.....).
#...........
...............
#..#...#.######
.......##.#
....... .#
......# .#
....# .#


You could see 2 orc priests and an orc.

Vanquished Creatures
  5 adders
  2 oozes
  2 worms (D:2)
  A dart slug (D:2)
  4 leopard geckos (D:2)
  2 orcs (D:3)
  4 giant cockroaches
  8 goblins
  9 hobgoblins
  A kobold (D:1)
  A quokka (D:2)
  A ball python (D:2)
  5 bats
  6 frilled lizards
  6 rats
57 creatures vanquished.

Notes
Turn   | Place    | Note
-------+----------+-------------------------------------------
     0 | Abyss:1  | vurker the Formicid Abyssal Knight began the quest for the
                  | Orb.
     0 | Abyss:1  | Reached XP level 1. HP: 18/18 MP: 2/2
    20 | Abyss:1  | Found a corrupted altar of Lugonu.
    39 | D:1      | Escaped the Abyss
   257 | D:1      | Reached XP level 2. HP: 23/24 MP: 3/3
   671 | D:1      | Reached XP level 3. HP: 29/29 MP: 4/4
   962 | D:1      | Reached ** piety under Lugonu
  1585 | D:2      | Reached XP level 4. HP: 30/37 MP: 6/6
  2263 | D:2      | Reached skill level 4 in Fighting
  2710 | D:3      | Reached XP level 5. HP: 23/42 MP: 7/7
  3180 | D:3      | Killed from afar by an orc priest

Levels and vault maps discovered:
D:1:      elethiomel_arrival_infinity_welcomes_careful_drivers, layout_basic,
          serial_bayou_lagoon_b
D:2:      layout_basic, first_ration, kennysheep_nub
D:3:      layout_rooms, kennysheep_generic_room_7, uniq_robin

Skill      XL: |  1  2  3  4 |
---------------+-------------+-----
Axes           | 3 |  3.8
Invocations    | 3 |  3.5
Fighting       | 4 |  4.1
Armour         | |  2.1
Dodging        | |  0.8

Action                   |  1- 3 |  4- 6 || total
-------------------------+-------+-------++-------
Melee: Hand axe          |   111 |   105 ||   216
 Stab: Sleeping          |       |     1 ||     1
  Eat: Chunk             |     2 |     3 ||     5
       Ration            |       |     1 ||     1
Armor: Leather armour    |    23 |    26 ||    49
Dodge: Dodged            |    59 |    60 ||   119

Table legend:
 A = Non-vault XP
 B = Vault XP
 C = Vault XP percentage of total XP
 D = Non-vault monster count
 E = Vault monster count
 F = Vault count percentage of total count
                 A         B        C        D         E       F
            +---------+---------+-------+---------+---------+-------
      Total |     176 |       0 |   0.0 |      57 |       0 |   0.0
            +---------+---------+-------+---------+---------+-------
        D:1 |      43 |       0 |   0.0 |      23 |       0 |   0.0
        D:2 |      84 |       0 |   0.0 |      26 |       0 |   0.0
        D:3 |      49 |       0 |   0.0 |       8 |       0 |   0.0
            +---------+---------+-------+---------+---------+-------
